 Dungeon Crawl Stone Soup version 0.20.0-9-g8272e65 (webtiles) character file.

24798 Minion the Fighter (level 12, -3/104 HPs)
             Began as a Grey Draconian Wanderer on June 3, 2017.
             Was a High Priest of Hepliaklqana.
             Slain by Rupert
             ... wielding a +1 great sword of slicing
              (16 damage)
             ... while paralysed by Rupert
             ... on level 13 of the Dungeon.
             The game lasted 00:51:41 (15559 turns).

Minion the Fighter (Grey Draconian Wanderer)       Turns: 15559, Time: 00:51:42

Health: -3/104     AC: 18    Str: 19    XL:     12   Next: 83%
Magic:  18/18      EV:  2    Int: 14    God:    Hepliaklqana [*****.]
Gold:   335        SH:  0    Dex: 16    Spells: 20/20 levels left

rFire    + . .     SeeInvis +   r - +3 executioner's axe (elec)
rCold    + . .     Gourm    .   (shield currently unavailable)
rNeg     . . .     Faith    .   (armour unavailable)
rPois    +         Spirit   .   (helmet restricted)
rElec    .         Reflect  +   L - scarf {rC+ rF+}
rCorr    .         Harm     .   E - +0 pair of gloves
MR       .....                  e - +0 pair of boots
Stlth    +.........             V - +6 amulet of reflection
Regen    0.3/turn               Y - ring of Resumed Hostilities {rPois Dex+6 SInv}
MPRegen  0.2/turn               p - +3 ring of protection

@: paralysed
A: walk through water, unfitting armour, reduced essence, unbreathing,
cold-blooded, AC +13
a: Recall Ancestor, Ancestor Identity, Transference, Idealise, Renounce Religion


You were on level 13 of the Dungeon.
You worshipped Hepliaklqana.
Hepliaklqana was extremely pleased with you.
You were hungry.

You visited 3 branches of the dungeon, and saw 17 of its levels.
You also visited: Ossuary.

You collected 878 gold pieces.
You spent 543 gold pieces at shops.

Inventory:

Hand Weapons
 i - a +0 great sword of protection
 r - a +3 executioner's axe of electrocution (weapon)
 D - a +1 demon blade of freezing
Armour
 e - a +0 pair of boots (worn)
 E - a +0 pair of gloves (worn)
 L - a scarf of resistance (worn)
Jewellery
 l - an uncursed ring of protection from fire
 p - a +3 ring of protection (right hand)
 V - a +6 amulet of reflection (around neck)
 Y - the ring of Resumed Hostilities (left hand) {rPois Dex+6 SInv}
   (You bought it in a shop on level 9 of the Dungeon)

   [ring of see invisible]

   It affects your dexterity (+6).
   It protects you from poison.
   It lets you see invisible.
Wands
 u - a wand of polymorph (7/24)
 z - a wand of polymorph (13/24)
 N - a wand of digging (21/24)
Scrolls
 b - a scroll of identify
 c - 7 scrolls of teleportation
 g - a scroll of fear
 j - 2 scrolls of remove curse
 k - 5 scrolls of recharging
 m - 5 scrolls of fog
 q - 4 scrolls of magic mapping
 A - 2 scrolls of amnesia
 F - a scroll of enchant weapon
 S - a scroll of blinking
Potions
 f - 10 potions of curing
 h - 3 potions of invisibility
 o - 2 potions of resistance
 s - 2 potions of might
 t - a potion of cancellation
 v - 5 potions of lignification
 w - a potion of brilliance
 x - 3 potions of degeneration
 C - 2 potions of heal wounds
 G - 2 potions of haste
 H - a potion of flight
 I - a potion of agility
 J - a potion of berserk rage
 R - a potion of ambrosia
Books
 y - a book of Summonings

   Spells                             Type                      Level
   a - Recall                         Summoning/Translocation      3
   b - Aura of Abjuration             Summoning                    5
   c - Summon Demon                   Summoning                    5
   d - Summon Forest                  Summoning/Translocation      5
   e - Summon Mana Viper              Hexes/Summoning              5
   f - Shadow Creatures               Summoning                    6
 P - the Handbook of Blistering Orientation
   (You found it on level 1 of the Lair of Beasts)

   Spells                             Type                      Level
   a - Apportation                    Translocation                1
   b - Teleport Other                 Translocation                3
   c - Ignition                       Fire                         8
   d - Disjunction                    Translocation                8
 W - a book of the Tempests

   Spells                             Type                      Level
   a - Static Discharge               Conjuration/Air              3
   b - Lightning Bolt                 Conjuration/Air              5
   c - Ignition                       Fire                         8
   d - Tornado                        Air                          9
   e - Shatter                        Earth                        9
Comestibles
 a - 3 royal jellies
 d - 11 bread rations
 n - 9 meat rations


   Skills:
 + Level 13.7 Fighting
 - Level 9.8 Long Blades
 + Level 4.3(5.7) Axes
   Level 5.8(6.4) Maces & Flails
 - Level 1.0 Throwing
 + Level 10.5 Dodging
   Level 1.0 Shields
 + Level 4.5 Spellcasting
 - Level 4.8 Invocations
 - Level 4.2 Evocations


You had 20 spell levels left.
You didn't know any spells.

Dungeon Overview and Level Annotations

Branches:
Dungeon (13/15)            Temple (1/1) D:4            Lair (3/6) D:9
  Swamp (0/4) Lair:3
  Snake: Lair:2-4    Spider: Lair:2-4       Orc: D:9-12      Vaults: D:13-14

Altars:
Ashenzari
Cheibriados
Dithmenos
Elyvilon
Fedhas
Gozag
Hepliaklqana
Kikubaaqudgha
Makhleb
Nemelex Xobeh
Okawaru
Qazlal
Ru
Sif Muna
Trog
Uskayaw
Vehumet
Xom
Yredelemnul
Zin
The Shining One

Shops:
D:4 (   D:6 :([}!   D:7 [   D:9 =

Portals:
Trove: D:10 (lose all piety)

Annotations:
D:12 Urug
D:13 Rupert


Innate Abilities, Weirdness & Mutations

You can walk through water.
Your dull iron-grey scales are very hard. (AC +13)
You cannot fit into any form of body armour.
You can survive without breathing.
You are cold-blooded and may be slowed by cold attacks.
Your life essence is reduced. (-10% HP)


Message History

Rupert is heavily wounded.
Rupert hits you with a great sword of slicing.
You hit Rupert. Lightning courses through Rupert!
Rupert is severely wounded.
You slash Rupert!
Rupert is severely wounded.
Rupert completely misses you.
You hit Rupert.
Rupert is severely wounded.
Rupert looks more energetic.
Rupert roars wildly at you.
You suddenly lose the ability to move!
Rupert hits you with a great sword of slicing!!
* * * LOW HITPOINT WARNING * * *
x2 Rupert hits you with a great sword of slicing.
* * * LOW HITPOINT WARNING * * *
x2 Rupert roars madly and goes into a rage!
Rupert goes berserk!
Rupert hits you with a great sword of slicing!
You die...

### #...........#
##..........# #..........#
### #######..........# #.##
###....###.........# ##..#
#.......##.........####...#
....................##....#
.......>............##....##
........(.......@@.........#
..<..(.............##<.....#
..(.........###.######....##
###.......### ### ###..#
######### ####


You could see Rupert (berserk).

Vanquished Creatures
  Snorg (D:13)
  A two-headed ogre (D:10)
  A centaur warrior (D:13)
  A hydra (Lair:2)
  3 death yaks
  A deep elf mage (D:13)
  An oklob plant (Lair:1)
  2 cyclopes (D:13)
  Maurice (D:9)
  Joseph (D:7)
  A gargoyle (D:13)
  5 spiny frogs
  2 rime drakes
  A komodo dragon (Lair:1)
  A troll (D:11)
  A hornet (D:10)
  3 hippogriffs
  20 yaks
  The ghost of Tridux the Sneak, an amateur FeTm of Okawaru (Ossuary)
  A basilisk (Lair:1)
  2 hell hounds (D:9)
  5 porcupines
  2 orc warriors (D:10)
  An ice beast (D:9)
  2 sky beasts
  An eye of draining (D:9)
  4 ogres
  A phantom (D:5)
  11 centaurs
  5 wolves (Lair:2)
  3 crocodiles
  A big kobold (D:9)
  8 bullfrogs
  A water moccasin zombie (D:9)
  A wyvern skeleton (D:8)
  4 scorpions
  3 killer bees (D:10)
  A wight (D:7)
  2 howler monkeys (D:9)
  6 crimson imps
  A bullfrog skeleton (D:6)
  4 jellies
  4 hounds
  9 orc priests
  2 centaur skeletons
  5 orc wizards
  5 worker ants
  2 big kobold zombies (Ossuary)
  A mummy (Ossuary)
  A worker ant zombie (D:8)
  9 adders
  4 gnolls
  3 shadow imps
  4 oozes
  An adder skeleton (D:4)
  An adder zombie (D:9)
  4 worms
  A dart slug (D:1)
  6 leopard geckos
  25 orcs
  5 spectral bats (Ossuary)
  9 bats
  6 giant cockroaches
  3 gnoll zombies (Ossuary)
  3 hobgoblins
  11 jackals
  4 quokkas
  2 ball pythons
  8 frilled lizards
  7 goblins
  A goblin simulacrum (Ossuary)
  2 goblin zombies (Ossuary)
  5 hobgoblin zombies (Ossuary)
  A jackal zombie (D:7)
  13 kobolds
  2 kobold simulacra (Ossuary)
  3 kobold zombies (Ossuary)
  A leopard gecko skeleton (D:6)
  3 orc zombies (Ossuary)
  A quokka skeleton (D:9)
  13 rats
  3 spectral goblins (Ossuary)
  2 spectral kobolds (Ossuary)
  3 spectral rats (Ossuary)
316 creatures vanquished.

Vanquished Creatures (collateral kills)
  A hydra (Lair:3)
  2 death yaks (Lair:2)
  A black mamba (Lair:1)
  A centaur skeleton (D:13)
  2 spiny frogs
  A komodo dragon (D:13)
  Prince Ribbit (D:7)
  A hornet (D:11)
  A yak (D:11)
  2 acid dragons
  A naga (Lair:3)
  A porcupine (Lair:1)
  A water moccasin (Lair:2)
  A black bear (D:7)
  A necrophage (D:7)
  4 centaurs (D:13)
  An ogre (D:4)
  A big kobold (D:13)
  A crocodile (D:13)
  2 bullfrogs
  A scorpion (D:5)
  3 killer bees (D:10)
  2 wights (D:7)
  A howler monkey (D:9)
  3 orc priests
  An orc wizard (D:9)
  2 worker ants
  2 big kobold zombies (Ossuary)
  A worker ant zombie (D:10)
  2 adders
  A gnoll (D:4)
  A leopard gecko (D:5)
  7 orcs
  2 spectral bats (Ossuary)
  A giant cockroach (D:5)
  2 jackals (D:5)
  A frilled lizard (D:4)
  2 gnoll zombies (Ossuary)
  2 goblin zombies (Ossuary)
  A hobgoblin zombie (Ossuary)
  4 kobolds
  A kobold simulacrum (Ossuary)
  A kobold zombie (Ossuary)
  A rat zombie (D:7)
  A spectral goblin (Ossuary)
  A plant (Lair:1)
74 creatures vanquished.

Vanquished Creatures (others)
  A big kobold zombie (Ossuary)
  9 knights
  2 gnoll zombies (Ossuary)
  2 bat simulacra (Ossuary)
  3 goblin simulacra (Ossuary)
  A hobgoblin zombie (Ossuary)
  2 kobold simulacra (Ossuary)
  2 rat simulacra (Ossuary)
  A bush (Lair:2)
  5 plants
28 creatures vanquished.

Grand Total: 418 creatures vanquished

Notes
Turn   | Place    | Note
-------+----------+-------------------------------------------
     0 | D:1      | Minion the Draconian Wanderer began the quest for the Orb.
     0 | D:1      | Minion set off with: a +2 mace, a +0 hand axe, a scroll of teleportation, a bread ration
     0 | D:1      | Reached XP level 1. HP: 23/23 MP: 1/1
   203 | D:1      | Reached XP level 2. HP: 25/29 MP: 2/2
   220 | D:1      | Reached skill level 1 in Dodging
   558 | D:1      | Reached XP level 3. HP: 37/37 MP: 3/3
   865 | D:2      | Reached skill level 6 in Fighting
   918 | D:2      | Reached XP level 4. HP: 37/44 MP: 4/4
   969 | D:2      | Found an opulent altar of Gozag.
  1690 | D:3      | Found a stormy altar of Qazlal.
  1819 | D:3      | Reached XP level 5. HP: 36/51 MP: 5/5
  2208 | D:3      | Found a glowing silver altar of Zin.
  2208 | D:3      | Noticed an angel
  2384 | D:4      | Found a staircase to the Ecumenical Temple.
  2394 | Temple   | Entered the Ecumenical Temple
  2433 | Temple   | Became a worshipper of Hepliaklqana the Forgotten
  2522 | Temple   | Reached XP level 6. HP: 11/52 MP: 6/6
  3016 | D:4      | Reached skill level 7 in Fighting
  3094 | D:4      | Found Pontamue's Weapon Shoppe.
  3115 | D:4      | Reached skill level 5 in Maces & Flails
  3466 | D:5      | Entered Level 5 of the Dungeon
  3517 | D:5      | Noticed a sky beast
  3537 | D:5      | Killed a sky beast
  3537 | D:5      | Your scales start taking on a dull iron-grey colour.
  3537 | D:5      | Reached XP level 7. HP: 59/59 MP: 7/7
  3537 | D:5      | Gained mutation: You can survive without breathing. [Grey Draconian growth]
  3870 | D:5      | Reached * piety under Hepliaklqana
  4124 | D:5      | Reached skill level 1 in Long Blades
  4126 | D:5      | Reached skill level 8 in Fighting
  4654 | D:6      | Reached XP level 8. HP: 63/66 MP: 8/8
  4666 | D:6      | Found Gutis's Distillery.
  4708 | D:6      | Found Hitoxt's Gadget Emporium.
  4776 | D:6      | Found Vugowentyd's Antique Weapon Shop.
  4779 | D:6      | Found Effiv's Book Shoppe.
  4804 | D:6      | Found Ufialuet's Armour Emporium.
  4807 | D:6      | Reached ** piety under Hepliaklqana
  4808 | D:6      | Remembered your ancestor Dudebroman as a knight
  4929 | D:6      | Reached skill level 5 in Dodging
  5246 | D:7      | Found Xobumpom's Armour Shoppe.
  5641 | D:7      | Reached skill level 9 in Fighting
  5799 | D:7      | Noticed Prince Ribbit
  5799 | D:7      | Noticed Joseph
  5810 | D:7      | Killed Prince Ribbit
  5810 | D:7      | Reached XP level 9. HP: 55/74 MP: 9/9
  5820 | D:7      | Killed Joseph
  5925 | D:7      | Found a sand-covered staircase.
  5937 | Ossuary  | Entered an ossuary
  6119 | Ossuary  | Reached skill level 5 in Long Blades
  6128 | Ossuary  | Noticed Tridux's ghost (amateur FeTm)
  6134 | Ossuary  | Killed Tridux's ghost
  6379 | D:7      | Identified a scroll of acquirement
  6550 | D:8      | Reached *** piety under Hepliaklqana
  6795 | D:8      | Noticed a moth of wrath
  6827 | D:8      | Reached skill level 10 in Fighting
  7085 | D:8      | Found a glowing golden altar of the Shining One.
  7325 | D:8      | Found a bloodstained altar of Trog.
  7799 | D:9      | Reached XP level 10. HP: 84/84 MP: 10/10
  7810 | D:9      | Noticed Maurice
  7820 | D:9      | Killed Maurice
  7835 | D:9      | Found a staircase to the Lair.
  8055 | Lair:1   | Entered Level 1 of the Lair of Beasts
  8154 | Lair:1   | Noticed a black mamba
  8164 | Lair:1   | Killed a black mamba
  8164 | Lair:1   | Reached skill level 11 in Fighting
  8403 | Lair:1   | Identified the Handbook of Blistering Orientation
  8697 | Lair:1   | Noticed an oklob plant
  8742 | Lair:1   | Killed an oklob plant
  8895 | Lair:1   | Reached **** piety under Hepliaklqana
  9197 | Lair:2   | Noticed a spiny frog
  9207 | Lair:2   | Killed a spiny frog
  9297 | Lair:2   | Noticed a death yak
  9299 | Lair:2   | Noticed a death yak
  9299 | Lair:2   | Noticed a death yak
  9299 | Lair:2   | Noticed a death yak
  9299 | Lair:2   | Noticed a death yak
  9327 | Lair:1   | Killed a death yak
  9599 | Lair:1   | Noticed a spiny frog
  9607 | Lair:1   | Killed a spiny frog
  9607 | Lair:1   | Reached XP level 11. HP: 81/93 MP: 11/11
  9700 | Lair:2   | Reached skill level 12 in Fighting
  9918 | Lair:2   | Reached skill level 1 in Evocations
 10001 | Lair:2   | Killed a death yak
 10001 | Lair:2   | Reached skill level 1 in Invocations
 10013 | Lair:2   | Killed a death yak
 10438 | Lair:2   | Killed a death yak
 10789 | Lair:2   | Killed a death yak
 11143 | Lair:2   | Reached ***** piety under Hepliaklqana
 11813 | Lair:3   | Found a staircase to the Swamp.
 11836 | Lair:3   | Noticed a five-headed hydra
 11840 | Lair:3   | Noticed a five-headed hydra
 11845 | Lair:3   | Killed an eight-headed hydra
 11845 | Lair:3   | Reached skill level 1 in Spellcasting
 11861 | Lair:3   | Got a crystal lajatang
 11862 | Lair:3   | Identified the +5 lajatang "Vyonnusi" {slice, +Inv +Fly Int+4 Dex-4} (You acquired it on level 3 of the Lair of Beasts)
 12215 | Lair:2   | Noticed a four-headed hydra
 12231 | Lair:2   | Killed an eight-headed hydra
 12532 | D:9      | Reached XP level 12. HP: 101/101 MP: 11/15
 12640 | D:9      | Found Wemus's Jewellery Shop.
 12646 | D:9      | Bought the ring of Resumed Hostilities {rPois Dex+6 SInv} for 543 gold pieces
 12757 | D:9      | Found a white marble altar of Elyvilon.
 12780 | D:10     | Entered Level 10 of the Dungeon
 12997 | D:10     | Found a portal to a secret trove of treasure.
 13029 | D:10     | Noticed a two-headed ogre
 13038 | D:10     | Killed a two-headed ogre
 13038 | D:10     | Reached skill level 13 in Fighting
 13194 | D:10     | Reached skill level 1 in Axes
 13480 | D:11     | Reached skill level 10 in Dodging
 13787 | D:11     | You fall through a shaft for 2 floors!
 13816 | D:13     | Noticed a centaur warrior
 13823 | D:13     | Killed a centaur warrior
 14470 | D:13     | Noticed Snorg
 14477 | D:13     | Killed Snorg
 15011 | D:12     | Noticed Rupert
 15025 | D:12     | Noticed a two-headed ogre
 15027 | D:12     | Noticed Urug
 15554 | D:13     | Paralysed by Rupert for 6 turns
 15559 | D:13     | Slain by Rupert

Skill      XL: |  1  2  3  4  5  6  7  8  9 10 11 12 |
---------------+-------------------------------------+-----
Dodging        | 1 2 3 4 6 7 8 9 10 | 10.5
Fighting       | 6 7 8 9 10 11 12 13 | 13.7
Maces & Flails | 4 5 |  5.8
Long Blades    | 1 4 6 8 9 |  9.8
Evocations     | 3 4 |  4.2
Invocations    | 4 |  4.8
Spellcasting   | 1 4 |  4.5
Axes           | 4 |  4.3
Throwing       | |  1.0
Shields        | |  1.0

Action                   |  1- 3 |  4- 6 |  7- 9 | 10-12 || total
-------------------------+-------+-------+-------+-------++-------
Melee: Mace              |    82 |   218 |    28 |       ||   328
       Tailslap          |     5 |    19 |    40 |    88 ||   152
       Great sword       |       |       |   167 |       ||   167
       Demon blade       |       |       |    97 |   334 ||   431
       Lajatang          |       |       |       |     1 ||     1
       Executioner's axe |       |       |       |   132 ||   132
Invok: Ancestor Identity |       |     1 |       |       ||     1
       Recall Ancestor   |       |     1 |     1 |     4 ||     6
       Ancestor Life: Kn |       |       |     1 |       ||     1
       Idealise          |       |       |       |     3 ||     3
 Abil: Evoke Berserk Rag |       |       |       |     1 ||     1
  Use: Scroll            |       |       |    21 |    12 ||    33
       Potion            |       |       |       |     8 ||     8
 Stab: Sleeping          |       |     1 |     1 |       ||     2
       Distracted        |       |     1 |     1 |     4 ||     6
  Eat: Chunk             |       |     6 |    11 |    14 ||    31
       Royal jelly       |       |     1 |     2 |     2 ||     5
       Fruit             |       |       |       |     8 ||     8
Armor: Skin              |    36 |    83 |   134 |   154 ||   407
Dodge: Dodged            |    60 |   157 |   194 |   460 ||   871
Block: Other             |       |       |       |    72 ||    72
       Reflection        |       |       |       |    10 ||    10
       Rpst.: Great sword |       |       |    43 |       ||    43
       Demon blade       |       |       |    12 |    72 ||    84
